 Dungeon Crawl Stone Soup version 0.29.1-2-gbd0b4ee654 (webtiles) character file.

Game seed: 13149214744214674627

3920 raph the Frost Mage (level 10, -12/67 HPs)
             Began as a Merfolk Ice Elementalist on Oct 24, 2022.
             Was a Believer of Makhleb.
             Killed from afar by a raiju (22 damage)
             ... with a living lightning
             ... on level 2 of the Abyss.
             The game lasted 00:20:15 (13490 turns).

raph the Frost Mage (Merfolk Ice Elementalist)     Turns: 13490, Time: 00:20:16

Health: -12/67     AC:  6    Str:  9    XL:     10   Next: 20%
Magic:  15/17      EV: 13    Int: 18    God:    Makhleb [**....]
Gold:   415        SH:  4    Dex: 17    Spells: 0/19 levels left

rFire   . . .      SeeInvis .   p - +0 trident
rCold   . . .      Faith    .   u - +0 buckler
rNeg    . . .      Spirit   .   j - +2 robe of Qepluwk {Dex+2}
rPois   .          Reflect  .   (no helmet)
rElec   .          Harm     .   t - +0 cloak
rCorr   .          Rampage  .   h - +0 pair of gloves
Will    .....                   (no boots)
Stlth   ++........              (no amulet)
HPRegen 0.21/turn               (no ring)
MPRegen 0.15/turn               (no ring)

@: freezing walls
A: (nimble swimmer 2), mertail
a: Renounce Religion, Minor Destruction


You were on level 2 of the Abyss.
You worshipped Makhleb.
Makhleb was pleased with you.
You visited 1 branch of the dungeon, and saw 9 of its levels.
You visited the Abyss 1 time.
You also visited: Sewer.

You collected 415 gold pieces.

Inventory:

Hand Weapons
 d - a +0 short sword
 g - a +1 spear
 p - a +0 trident (weapon)
Missiles
 c - 101 stones
 f - 2 boomerangs
 k - a throwing net
 q - 16 poisoned darts
Armour
 a - a +0 robe
 h - a +0 pair of gloves (worn)
 j - the +2 robe of Qepluwk (worn) {Dex+2}
   (You found it on level 2 of the Dungeon)

   Dex:       It affects your dexterity (+2).
 t - a +0 cloak (worn)
 u - a +0 buckler (worn)
Magical Staves
 n - a staff of conjuration
Jewellery
 y - a ring of positive energy
Wands
 l - a wand of iceblast (9)
 v - a wand of polymorph (6)
Scrolls
 w - 3 scrolls of teleportation
Potions
 b - a potion of magic
 e - 3 potions of heal wounds
 i - 2 potions of degeneration
 m - 2 potions of lignification
 o - a potion of curing
 r - a potion of attraction {unknown}
 s - 2 potions of berserk rage


   Skills:
 - Level 2.0 Fighting
 - Level 3.8 Dodging
 - Level 2.1 Stealth
 + Level 5.2 Spellcasting
 * Level 5.8 Conjurations
 + Level 2.7 Hexes
 * Level 10.5 Ice Magic
 * Level 4.7 Poison Magic
 + Level 3.7 Invocations


You couldn't memorise any spells.
You knew the following spells:

 Your Spells              Type           Power      Damage    Failure   Level
a - Freeze                Ice            100%       1d11      1%          1
b - Frozen Ramparts       Ice            84%        1d13      1%          3
c - Ozocubu's Armour      Ice            42%        N/A       1%          3
d - Hailstorm             Conj/Ice       34%        3d9       6%          4
e - Sting                 Tmut/Pois      52%        1d5       7%          1
f - Dazzling Flash        Conj/Hex       40%        N/A       9%          3
g - Olgreb's Toxic Radia  Pois           21%        N/A       24%         4

Your spell library contained the following spells:

 Spells                   Type           Power      Damage    Failure   Level
 Magic Dart               Conj           100%       1d8       1%          1
 Poisonous Vapours        Pois/Air       26%        N/A       10%         2
 Mephitic Cloud           Conj/Pois/Air  17%        N/A       12%         3
 Call Imp                 Summ           4%         N/A       26%         2
 Inner Flame              Hex/Fire       9%         N/A       30%         3
 Portal Projectile        Hex/Tloc       18%        N/A       30%         3
 Call Canine Familiar     Summ           4%         N/A       47%         3
 Cause Fear               Hex            7%         N/A       50%         4
 Leda's Liquefaction      Hex/Erth       4%         N/A       69%         4
 Silence                  Hex/Air        4%         N/A       95%         5
 Agony                    Necr           4%         N/A       99%         5
 Malign Gateway           Summ/Tloc      2%         N/A       100%        7
 Discord                  Hex            7%         N/A       100%        8
 Summon Horrible Things   Summ           2%         N/A       100%        8


Dungeon Overview and Level Annotations

Branches:
Dungeon (9/15)             Temple (0/1) D:7           Sewer (visited)
   Lair: D:8-11         Orc: D:9-12

Altars:
Fedhas
Gozag
Makhleb
Okawaru
Sif Muna
Wu Jian
Xom
Yredelemnul

Shops:
D:2 :

Annotations:
D:8 Amaemon, Maurice


Innate Abilities, Weirdness & Mutations

((You are very nimble when in or above water. (Stealth+, EV+, Speed+++)))
Your lower body shifts to a powerful aquatic tail in water.


Message History

The living lightning hits you!
The raiju blinks!
The raiju bites you but does no damage.
Casting: Hailstorm (dangerous; 6% risk of failure)
Confirm with . or Enter, or press ? or * to list all spells.
Casting: Frozen Ramparts (safe; 1% risk of failure)
Press: ? - help, Dir - look around, f - activate The walls around you are covered in ice.
The wall freezes the raiju.
The raiju bites you. The raiju shocks you!
You hit the raiju but do no damage.
The raiju is lightly wounded.
The wall freezes the raiju.
The raiju bites you but does no damage.
You closely miss the raiju.
The raiju is lightly wounded.
The wall freezes the raiju!
The raiju bursts into living lightning!
The living lightning misses you.
The raiju blinks!
You closely miss the raiju.
The raiju is moderately wounded.
The wall freezes the raiju!
The raiju barely misses you.
A raiju comes into view.
The wall freezes the raiju but does no damage.
The raiju bites you. The raiju shocks you!
You are too injured to fight recklessly!
You are too injured to fight recklessly!
You are too injured to fight recklessly!
The raiju barks!
You hit the raiju.
The raiju is heavily wounded.
The raiju bursts into living lightning!
The living lightning hits you.
The raiju blinks!
The wall freezes the raiju.
The raiju bites you!
* * * LOW HITPOINT WARNING * * *
The raiju shocks you!
* * * LOW HITPOINT WARNING * * *
You hit the raiju.
The raiju is severely wounded.
The wall freezes the raiju!
The raiju bursts into living lightning!
The living lightning hits you!!
You die...

. ## ## #.. # #
##.#.# #.ยง.
..## #.. # .# #
. ...### ## ..##
.#
#...#..#..#.#.##
#..#.#..#.#.....
#.h@# #....#
#..#h#..#..
#.#.#.##..># #.
. ...#.#.....# #
##.## .##..#...
. .. ... ##.. .
.# #. . #.. ..
.. # . ...


You could see 2 raiju.

Vanquished Creatures
  A two-headed ogre (D:7)
  Prince Ribbit (D:8)
  Sigmund (D:6)
  2 wyverns
  A water moccasin (D:7)
  Duvessa (D:6)
  2 ice beasts (D:7)
  A sky beast (D:8)
  An orc warrior (D:6)
  An ogre (D:5)
  A kobold brigand (D:8)
  2 phantoms (D:5)
  5 bullfrogs
  3 scorpions
  2 necrophages (D:4)
  Blork the orc (D:6)
  A gnoll sergeant (D:7)
  2 wights
  Dowan (D:6)
  A killer bee (D:9)
  3 hounds
  3 orc priests
  A jelly (D:6)
  3 iguanas
  6 orc wizards
  10 adders
  9 gnolls
  5 river rats (Sewer)
  A shadow imp (D:7)
  2 white imps
  3 ufetubi (D:5)
  5 worms
  5 dart slugs
  25 orcs
  7 bats
  6 endoplasms
  3 giant cockroaches
  6 goblins
  5 hobgoblins
  9 jackals
  16 kobolds
  8 quokkas
  11 ball pythons
  6 frilled lizards
  15 rats
  A spectral orc (D:4)
205 creatures vanquished.

Notes
Turn   | Place    | Note
-------+----------+-------------------------------------------
     0 | D:1      | raph the Merfolk Ice Elementalist began the quest for the
                  | Orb.
     0 | D:1      | Reached XP level 1. HP: 13/13 MP: 3/3
   219 | D:1      | Reached XP level 2. HP: 9/19 MP: 0/5
   571 | D:1      | Reached skill level 5 in Ice Magic
  1082 | D:1      | Reached XP level 3. HP: 24/24 MP: 4/6
  1086 | D:1      | Learned a level 3 spell: Frozen Ramparts
  1658 | D:2      | Found a faded altar of an unknown god.
  2418 | D:2      | Reached skill level 6 in Ice Magic
  2481 | D:2      | Reached XP level 4. HP: 30/30 MP: 3/7
  2626 | D:2      | Learned a level 3 spell: Ozocubu's Armour
  2950 | D:2      | Identified the +2 robe of Qepluwk {Dex+2}
  2990 | D:2      | Found Womoinot's Vocational Training.
  3290 | D:3      | Reached XP level 5. HP: 31/35 MP: 2/8
  3514 | D:3      | Found a shimmering altar of Xom.
  3604 | D:3      | Reached skill level 7 in Ice Magic
  3746 | D:3      | Found a burning altar of Makhleb.
  3943 | D:3      | Became a worshipper of Makhleb the Destroyer
  4633 | D:4      | Found an iron altar of Okawaru.
  4687 | D:4      | Reached skill level 1 in Fighting
  4687 | D:4      | Reached XP level 6. HP: 43/43 MP: 5/9
  5087 | D:4      | Reached skill level 1 in Conjurations
  5206 | D:4      | Found an opulent altar of Gozag.
  5308 | D:4      | Found a basalt altar of Yredelemnul.
  5479 | D:4      | Reached XP level 7. HP: 35/49 MP: 11/11
  5484 | D:4      | Learned a level 4 spell: Hailstorm
  5847 | D:5      | Entered Level 5 of the Dungeon
  5865 | D:5      | Reached * piety under Makhleb
  6257 | D:5      | Found a glowing drain.
  6261 | Sewer    | Entered a sewer
  6973 | Sewer    | Reached ** piety under Makhleb
  7364 | D:5      | Reached skill level 8 in Ice Magic
  7780 | D:5      | Reached XP level 8. HP: 56/56 MP: 6/13
  8189 | D:6      | Noticed Blork the orc
  8198 | D:6      | Killed Blork the orc
  8256 | D:6      | Noticed Duvessa
  8256 | D:6      | Noticed Dowan
  8388 | D:6      | Noticed Sigmund
  8396 | D:6      | Killed Sigmund
  8563 | D:6      | Reached skill level 9 in Ice Magic
  9309 | D:5      | Learned a level 1 spell: Sting
  9375 | D:6      | Reached skill level 1 in Invocations
  9719 | D:6      | Killed Duvessa
  9723 | D:6      | Killed Dowan
  9724 | D:6      | Reached skill level 1 in Poison Magic
  9912 | D:6      | Found a blossoming altar of Fedhas.
 10061 | D:7      | Reached XP level 9. HP: 60/61 MP: 11/15
 10065 | D:7      | Learned a level 3 spell: Dazzling Flash
 10477 | D:7      | Noticed a two-headed ogre
 10813 | D:7      | Reached skill level 1 in Hexes
 11143 | D:7      | Found a staircase to the Ecumenical Temple.
 11318 | D:7      | Reached skill level 5 in Conjurations
 11785 | D:8      | Noticed Maurice
 11993 | D:7      | Reached skill level 10 in Ice Magic
 12293 | D:8      | Noticed Prince Ribbit
 12293 | D:8      | Noticed Amaemon
 12293 | D:8      | Noticed an orange demon
 12370 | D:7      | HP: 2/58 [two-headed ogre/+0 giant club (20)]
 12375 | D:7      | Killed a two-headed ogre
 12376 | D:7      | Reached skill level 5 in Spellcasting
 12865 | D:8      | Found an ornate altar of the Wu Jian Council.
 12865 | D:8      | Found a shimmering blue altar of Sif Muna.
 12894 | D:8      | Killed Prince Ribbit
 12895 | D:8      | Reached XP level 10. HP: 67/67 MP: 8/17
 12900 | D:8      | Learned a level 4 spell: Olgreb's Toxic Radiance
 13401 | D:9      | Noticed a wizard
 13407 | Abyss:2  | Cast into level 2 of the Abyss (a wizard)
 13490 | Abyss:2  | Killed from afar by a raiju

Illustrated notes

Levels and vault maps discovered:
D:1:      evilmike_arrival_fibonacci_small, layout_basic
D:2:      layout_rooms, nicolae_ecumenical_oubliette, grunt_ministairs_1,
          nicolae_shop_vocational
D:3:      layout_rooms, nicolae_overflow_hidden_temple,
          mainiacjoe_overflow_alcove_4
D:4:      layout_cave_pods, nicolae_gozag_seed_capital, general_overflow_altar,
          yredelemnul_forgotten_temple_becter
D:5:      layout_rooms, gup_sewer_entry_bowl
D:6:      layout_cave_pools, mainiacjoe_overflow_cross_hatched, uniq_sigmund,
          uniq_duvessa, uniq_blork_the_orc
D:7:      layout_cave_pods, minmay_temple_entry_slanted
D:8:      layout_rooms, gammafunk_temple_overflow_wave, serial_shops, shop,
          uniq_pikel, uniq_maurice, uniq_amaemon, uniq_prince_ribbit1
D:9:      cheibrodos_wizards_tower, layout_basic
Abyss:2:  base:
D:1

Skill      XL: |  1  2  3  4  5  6  7  8  9 |
---------------+----------------------------+-----
Ice Magic      | 5 6 7 8 9 10 | 10.5
Dodging        | 3 |  3.8
Fighting       | 1 2 |  2.0
Conjurations   | 1 2 4 5 |  5.8
Spellcasting   | 3 4 5 |  5.2
Invocations    | 1 3 |  3.7
Poison Magic   | 1 4 |  4.7
Hexes          | 2 |  2.7
Stealth        | |  2.1

Action                   |  1- 3 |  4- 6 |  7- 9 | 10-12 || total
-------------------------+-------+-------+-------+-------++-------
Melee: Short sword       |     7 |       |       |       ||     7
       Spear             |    39 |   119 |   274 |    25 ||   457
       Punch             |     1 |     1 |     4 |       ||     6
       Trident           |       |       |       |    11 ||    11
Throw: Dart              |       |       |    14 |       ||    14
       Boomerang         |       |       |     6 |     1 ||     7
 Cast: Freeze            |    31 |     9 |     8 |     1 ||    49
       Frozen Ramparts   |    12 |    27 |    53 |     7 ||    99
       Ozocubu's Armour  |       |     3 |    21 |     3 ||    27
       Sting             |       |       |    16 |       ||    16
       Hailstorm         |       |       |     7 |     1 ||     8
       Dazzling Flash    |       |       |     7 |     1 ||     8
       Olgreb's Toxic Ra |       |       |       |     1 ||     1
Invok: Minor Destruction |       |       |     5 |       ||     5
Evoke: Wand              |       |       |     9 |       ||     9
  Use: Scroll            |       |     4 |    15 |       ||    19
       Potion            |       |       |     6 |       ||     6
 Stab: Sleeping          |     3 |     3 |     1 |       ||     7
Armor: Robe              |    23 |    39 |    88 |    10 ||   160
Dodge: Dodged            |    67 |    76 |   207 |    20 ||   370
Block: Buckler           |       |       |    14 |     6 ||    20
